 Dungeon Crawl Stone Soup version 0.29-a0-887-gcbe080d7e0 (webtiles) character file.

Game seed: 11783432930651076003

7964 avis the Frost Mage (level 10, 0/83 HPs)
             Began as a Demigod Ice Elementalist on July 21, 2022.
             Shot with an arrow by a centaur warrior (11 damage)
             ... on level 10 of the Dungeon on July 22, 2022.
             The game lasted 01:21:25 (13564 turns).

avis the Frost Mage (Demigod Ice Elementalist)     Turns: 13564, Time: 01:21:25

Health: 0/83       AC: 18    Str: 11    XL:     10   Next: 74%
Magic:  13/22      EV: 18    Int: 19    God:
Gold:   393        SH:  8    Dex: 38    Spells: 14/21 levels left

rFire   . . .      SeeInvis .   b - +7 dagger "Wiyheteo" {protect, Str+2 Int+2}
rCold   . . .      Faith    .   s - +0 buckler
rNeg    . . .      Spirit   .   Y - +0 acid dragon scales
rPois   .          Reflect  .   A - +1 helmet
rElec   .          Harm     .   Z - scarf {+Inv}
rCorr   +          Rampage  .   u - +0 pair of gloves
Will    +....                   l - +1 pair of boots
Stlth   +++.......              E - amulet of the acrobat
HPRegen 0.23/turn               i - +6 ring of dexterity
MPRegen 0.18/turn               O - +6 ring of dexterity

@: under a protective aura, freezing walls
A: high MP 1, forlorn, divine attributes
a: Evoke Invisibility


You were on level 10 of the Dungeon.
You visited 2 branches of the dungeon, and saw 11 of its levels.
You also visited: Bailey.

You collected 393 gold pieces.

Inventory:

Hand Weapons
 a - a +2 sling of flaming
 b - the +7 dagger "Wiyheteo" (weapon) {protect, Str+2 Int+2}
   (You found it on level 6 of the Dungeon)

   It grants its wielder temporary protection when it strikes (+7 to AC).
   Str:       It affects your strength (+2).
   Int:       It affects your intelligence (+2).
 c - a +1 short sword of draining
 w - a +3 spear of venom
Missiles
 o - 16 poisoned darts (quivered)
 C - 4 curare-tipped darts
Armour
 l - a +1 pair of boots (worn)
 m - +0 acid dragon scales
 s - a +0 buckler (worn)
 u - a +0 pair of gloves (worn)
 A - a +1 helmet (worn)
 Y - +0 acid dragon scales (worn)
 Z - a scarf of invisibility (worn)
Magical Staves
 e - a staff of conjuration
 y - a staff of poison
Jewellery
 i - a +6 ring of dexterity (left hand)
 p - a ring of protection from fire
 E - an amulet of the acrobat (around neck)
 O - a +6 ring of dexterity (right hand)
 U - a ring of see invisible
Wands
 t - a wand of polymorph (2)
 z - a wand of digging (4)
 N - a wand of iceblast (9)
 R - a wand of charming (2)
 W - a wand of flame (7)
Scrolls
 f - 4 scrolls of enchant weapon {unknown}
 g - a scroll of magic mapping
 j - 6 scrolls of teleportation {unknown}
 k - a scroll of immolation
 n - a scroll of identify
 q - 3 scrolls of noise {unknown}
 v - a scroll of summoning {unknown}
 x - 3 scrolls of fear
 B - 4 scrolls of butterflies {unknown}
 Q - 2 scrolls of poison {unknown}
Potions
 d - 2 potions of magic
 h - 3 potions of haste
 r - a potion of brilliance
 G - 2 potions of might
 J - a potion of ambrosia {unknown}
 K - 3 potions of resistance
 M - a potion of degeneration {unknown}


   Skills:
 - Level 6.0 Fighting
 - Level 8.0 Ranged Weapons
 * Level 6.3 Dodging
 - Level 2.0 Stealth
 - Level 4.0 Shields
 - Level 6.0 Spellcasting
 - Level 8.0 Ice Magic


You had 14 spell levels left.
You knew the following spells:

 Your Spells              Type           Power      Damage    Failure   Level
a - Freeze                Ice            100%       1d11      1%          1
o - Ozocubu's Armour      Ice            36%        N/A       2%          3
r - Frozen Ramparts       Ice            72%        1d9       2%          3

Your spell library contained the following spells:

 Spells                   Type           Power      Damage    Failure   Level
 Apportation              Tloc           10%        N/A       22%         1
 Necrotise                Necr           20%        1d5       22%         1
 Sting                    Tmut/Pois      20%        1d4       22%         1
 Summon Small Mammal      Summ           20%        N/A       22%         1
 Poisonous Vapours        Pois/Air       10%        N/A       34%         2
 Hailstorm                Conj/Ice       20%        3d6       41%         4
 Call Canine Familiar     Summ           5%         N/A       56%         3
 Summon Guardian Golem    Hex/Summ       5%         N/A       56%         3
 Vampiric Draining        Necr           5%         2d6       56%         3
 Metabolic Englaciation   Hex/Ice        10%        N/A       77%         5
 Fulminant Prism          Conj/Hex       2%         3d6       92%         4
 Iskenderun's Mystic Bla  Conj/Tloc      5%         2d3       92%         4
 Olgreb's Toxic Radiance  Pois           5%         N/A       92%         4
 Agony                    Necr           5%         N/A       99%         5
 Lee's Rapid Deconstruct  Erth           2%         3d6*      99%         5
 Simulacrum               Ice/Necr       10%        N/A       100%        6
 Ozocubu's Refrigeration  Ice            18%        4d8       100%        7


Dungeon Overview and Level Annotations

Branches:
Dungeon (10/15)            Temple (1/1) D:6          Bailey (visited)
   Lair: D:8-11         Orc: D:9-12

Shops:
D:7 :

Annotations:
D:2 1 runed translucent door, exclusion: door


Innate Abilities, Weirdness & Mutations

You have an increased reservoir of magic. (+10% MP)
You shall have no god before yourself.
Your divine heritage dramatically boosts your attributes as you level up.


Message History

The manticore completely misses you. You block the manticore's attack.
Training target 6.0 for Spellcasting reached!
Your Spellcasting skill increases to level 6!
You need to enable at least one skill for training.
Your +2 sling of flaming stops flaming.
You feel stronger.
You feel clever.
The +7 dagger "Wiyheteo" {protect, Str+2 Int+2} hums with potential!
b - the +7 dagger "Wiyheteo" (weapon)
{protect, Str+2 Int+2} The wall freezes the centaur warrior.
You puncture the manticore!
Your weapon exudes an aura of protection.
The manticore is almost dead.
Your icy armour evaporates.
The wall freezes the centaur warrior.
The wall freezes the manticore.
You block the manticore's attack. The manticore claws you.
* * * LOW HITPOINT WARNING * * *
You block the manticore's attack.
The wall freezes the centaur warrior.
You hit the manticore.
You kill the manticore!
The wall freezes the centaur warrior.
The centaur warrior wields a +0 shortbow.
The centaur warrior shoots an arrow.
You block the arrow.
The barbs in your skin will harm you if you move.
Continue?
Okay, then.
Aiming: Iceblast
Press: ? - help, Shift-Dir - straight line, f - centaur warrior
Aim: a centaur warrior, wielding a +0 shortbow (lightly wounded)
The mass of ice explodes!
The iceblast engulfs the centaur warrior!
The centaur warrior is moderately wounded.
You carefully extract the barbed spikes from your body.
You hear a shout! x2; You hear a roar!
You hear a shout!
The wall freezes the centaur warrior.
The centaur warrior shoots an arrow.
The arrow hits you!!
* * * LOW HITPOINT WARNING * * *
The wall freezes the centaur warrior.
The centaur warrior shoots an arrow.
The arrow misses you.
You feel better.
The wall freezes the centaur warrior.
The centaur warrior shoots an arrow.
The arrow hits you!
You die...

............# #.........
#......^....# +.........
#...........# #.........
#...........# #.........
#......C....# #####'####
...........$# #.....
#.#####c##### ######
#.#####)# # #.#...[@#
#######
.####.#'##########
#......
.................#
#......
##.#.......<.....#
#...... #.........[[....#
#...... ###...<.........#
#...... #......>..)...###
#......
#...........[.'.###......
#.............#..........


You could see a centaur warrior and a cyclops.

Vanquished Creatures
  A two-headed ogre (D:8)
  Sonja (D:10)
  Pikel (D:9)
  Maurice (D:10)
  A manticore (D:10)
  A tengu conjurer (D:10)
  2 shadows (D:10)
  2 wyverns (D:9)
  A wraith (D:9)
  6 yaks (D:10)
  Eustachio (D:6)
  2 acid dragons
  A water moccasin (D:9)
  11 orc warriors
  3 black bears
  An ogre (D:7)
  6 centaurs
  A phantom (D:6)
  2 bullfrogs
  2 gnoll sergeants
  2 scorpions
  6 killer bees (D:5)
  4 howler monkeys
  2 hounds (D:7)
  A lava snake (D:9)
  3 orc priests
  A jelly (D:5)
  4 iguanas
  4 orc wizards
  Robin (D:4)
  6 adders
  16 gnolls
  4 shadow imps
  A white imp (D:7)
  A worm (D:5)
  A dart slug (D:4)
  27 orcs
  8 ball pythons
  4 endoplasms
  8 giant cockroaches
  26 goblins
  22 hobgoblins
  4 jackals (D:1)
  8 quokkas
  6 bats
  3 frilled lizards (D:1)
  6 kobolds
  3 rats
229 creatures vanquished.

Vanquished Creatures (others)
  A centaur simulacrum (D:10)
1 creature vanquished.

Grand Total: 230 creatures vanquished

Notes
Turn   | Place    | Note
-------+----------+-------------------------------------------
     0 | D:1      | avis the Demigod Ice Elementalist began the quest for the
                  | Orb.
     0 | D:1      | Reached XP level 1. HP: 14/14 MP: 5/5
   112 | D:1      | Reached skill level 1 in Fighting
   331 | D:1      | Reached XP level 2. HP: 23/23 MP: 2/7
   687 | D:1      | Reached XP level 3. HP: 17/28 MP: 3/8
  1080 | D:1      | Learned a level 3 spell: Ozocubu's Armour
  1380 | D:2      | Found a runed translucent door.
  1498 | D:2      | Got Plato's Quarto of the Voyage
  2534 | D:3      | Reached XP level 4. HP: 35/36 MP: 7/10
  2569 | D:3      | Identified the +1 robe of Action {rElec Stlth+}
  2825 | D:4      | Noticed Robin
  2971 | D:4      | Learned a level 3 spell: Frozen Ramparts
  2989 | D:4      | Noticed a bullfrog
  3002 | D:4      | Killed a bullfrog
  3003 | D:4      | Reached skill level 5 in Ice Magic
  3003 | D:4      | Reached XP level 5. HP: 36/41 MP: 1/12
  3094 | D:4      | Reached skill level 1 in Shields
  3317 | D:4      | Killed Robin
  3684 | D:4      | Reached XP level 6. HP: 42/48 MP: 2/13
  3971 | D:4      | Reached skill level 1 in Ranged Weapons
  4295 | D:5      | Entered Level 5 of the Dungeon
  5485 | D:5      | Reached XP level 7. HP: 44/57 MP: 5/15
  6819 | D:6      | Found a staircase to the Ecumenical Temple.
  7320 | D:6      | Identified the +7 dagger "Wiyheteo" {protect, Str+2 Int+2}
  7504 | D:6      | Noticed Eustachio
  7523 | D:6      | Killed Eustachio
  7524 | D:6      | Reached XP level 8. HP: 52/63 MP: 15/17
  7971 | Temple   | Entered the Ecumenical Temple
  8330 | D:7      | Found Muimmiupt's Book Shop.
  9402 | D:8      | Found a flagged portal.
  9411 | D:8      | Reached skill level 5 in Spellcasting
  9470 | Bailey   | Entered a bailey
  9756 | Bailey   | Reached XP level 9. HP: 41/71 MP: 20/20
 10035 | Bailey   | Reached skill level 5 in Dodging
 10345 | Bailey   | Reached skill level 5 in Ranged Weapons
 10461 | Bailey   | Noticed an orc warlord
 10938 | D:8      | Noticed a two-headed ogre
 10948 | D:8      | Killed a two-headed ogre
 10949 | D:8      | Reached skill level 5 in Fighting
 11386 | D:9      | Noticed Pikel
 11612 | D:9      | Killed Pikel
 11742 | D:9      | Reached XP level 10. HP: 81/81 MP: 12/21
 12841 | D:10     | Entered Level 10 of the Dungeon
 12951 | D:10     | Noticed Sonja
 12963 | D:10     | Killed Sonja
 13514 | D:10     | Noticed Maurice
 13534 | D:10     | Killed Maurice
 13549 | D:10     | Noticed a cyclops
 13555 | D:10     | Noticed a manticore
 13558 | D:10     | Noticed a centaur warrior
 13562 | D:10     | Killed a manticore
 13563 | D:10     | HP: 2/83 [centaur warrior/arrow (18)]
 13564 | D:10     | Shot with an arrow by a centaur warrior

Illustrated notes

Levels and vault maps discovered:
D:1:      minmay_arrival_loop, layout_rooms
D:2:      layout_loops_cross, shapermc_ecumenical_altar_rom_forum,
          uniq_crazy_yiuf_cottage
D:3:      layout_rooms, nicolae_overflow_squiral,
          nicolae_overflow_ecumenical_swirl, minivault_4,
          kennysheep_generic_room_13
D:4:      layout_loops_ring, uniq_robin
D:5:      layout_basic
D:6:      layout_basic, minmay_temple_entry_wispy, uniq_eustachio
D:7:      layout_layer_cave, serial_shops, nicolae_shop_advertising_works
          [nicolae_subvault_shop_adworks]
D:8:      layout_loops_cross, grunt_dithmenos_smoke, enter_bailey_8
D:9:      layout_irregular_city, grunt_gozag_statues,
          nicolae_overflow_two_pavilions, uniq_pikel
D:10:     layout_roguey, minivault_28, uniq_sonja, uniq_maurice
Temple:   nicolae_temple_superstar

Skill      XL: |  1  2  3  4  5  6  7  8  9 10 |
---------------+-------------------------------+-----
Fighting       | 1 2 3 4 5 6 |  6.0
Spellcasting   | 2 3 4 5 6 |  6.0
Ice Magic      | 4 5 6 7 8 |  8.0
Stealth        | 2 |  2.0
Dodging        | 2 3 4 5 6 |  6.3
Shields        | 2 4 |  4.0
Ranged Weapons | 2 4 6 8 |  8.0

Action                   |  1- 3 |  4- 6 |  7- 9 | 10-12 || total
-------------------------+-------+-------+-------+-------++-------
Melee: Dagger            |    26 |    25 |   180 |    32 ||   263
 Fire: Sling             |    41 |   114 |   138 |    52 ||   345
Throw: Dart              |       |       |       |     9 ||     9
 Cast: Freeze            |    47 |    45 |    85 |    15 ||   192
       Ozocubu's Armour  |       |    12 |    37 |     8 ||    57
       Frozen Ramparts   |       |       |       |     5 ||     5
Evoke: Wand              |       |       |       |     1 ||     1
  Use: Scroll            |       |     4 |     6 |     3 ||    13
       Potion            |       |       |     2 |     2 ||     4
 Stab: Sleeping          |     2 |     1 |     1 |     1 ||     5
       Distracted        |       |       |       |     1 ||     1
Armor: Robe              |     9 |    17 |    81 |     1 ||   108
       Acid dragon scale |       |       |       |     7 ||     7
Dodge: Dodged            |    40 |    49 |   215 |    27 ||   331
Block: Buckler           |       |    22 |   145 |    17 ||   184

Table legend: (Time is in decaauts)
 A = Elapsed time spent in this place.
 B = Non-inter-level travel time spent in this place.
 C = Inter-level travel time spent in this place.
 D = Time resting spent in this place.
 E = Time spent auto-exploring this place.
 F = Levels seen in this place.
 G = Mean time per level.
                   A        B        C        D        E       F      G
               +--------+--------+--------+--------+--------+-----+--------+
         Total |  13679 |  12032 |   1647 |   4845 |   4468 |  12 | 1139.9 |
       Dungeon |  12486 |  10864 |   1622 |   4179 |   4371 |  10 | 1248.6 |
        Temple |    168 |    143 |     25 |      0 |     97 |   1 |  168.0 |
        Bailey |   1025 |   1025 |      0 |    666 |      0 |   1 | 1025.0 |
               +--------+--------+--------+--------+--------+-----+--------+

Top non-repeatable levels by time:
     D:5: 2606 daAuts
     D:4: 1533 daAuts
     D:6: 1331 daAuts
     D:1: 1249 daAuts
     D:9: 1178 daAuts
     D:7: 1137 daAuts
     D:8: 1111 daAuts
  Bailey: 1025 daAuts
     D:2: 920 daAuts
     D:3: 766 daAuts
    D:10: 651 daAuts
  Temple: 168 daAuts
